 Dungeon Sprint DCSS version 0.20.1-1-g8b1a95d66d (webtiles) character file.

2800000 Jannitor the Ninja (level 23, -1/240 HPs)
             Began as a Ghoul Monk on Nov 23, 2017.
             Was the Champion of Makhleb.
             Slain by a destroyer
             ... wielding a +9 great sword of slicing
              (197 damage)
             ... in the Dungeon (Sprint VIII: "Arena of Blood").
             The game lasted 00:01:26 (28 turns).

Jannitor the Ninja (Ghoul Monk)                       Turns: 28, Time: 00:01:26

Health: -1/240     AC:  4    Str: 18    XL:     23   Next: 63%
Magic:  19/53      EV: 34    Int:  5    God:    Makhleb [******]
Gold:   0          SH:  0    Dex: 18    Spells: 76/76 levels left

rFire    . . .     SeeInvis .   j - +∞ Axe of Woe
rCold    + . .     Gourm    .   (shield currently unavailable)
rNeg     + + +     Faith    .   b - +0 robe
rPois    ∞         Spirit   .   (no helmet)
rElec    .         Reflect  .   (no cloak)
rCorr    .         Harm     .   (no gloves)
MR       +....     NoTele   +   (no boots)
Stlth    +++++++++.             (no amulet)
Regen    0.0/turn               (no ring)
MPRegen  0.4/turn               (no ring)

@: rotting
A: rotting body, claws 1, carnivore 3, cold resistance 1, negative energy
resistance 3, inhibited regeneration, torment resistance, unbreathing
a: Minor Destruction, Lesser Servant of Makhleb, Major Destruction, Greater
Servant of Makhleb, Renounce Religion


You were in the Dungeon.
You worshipped Makhleb.
Makhleb was exalted by your worship.
You were not hungry.

You visited 1 branch

Inventory:

Hand Weapons
 a - a +0 hand axe
 j - the +∞ Axe of Woe (weapon)
   (You found it in the Dungeon)
Armour
 b - a +0 robe (worn)
Scrolls
 i - a scroll of blinking
Potions
 d - a potion of curing
 e - a potion of heal wounds
 f - a potion of haste
 g - 2 potions of magic
 h - a potion of berserk rage
Comestibles
 c - a meat ration


   Skills:
 O Level 27 Fighting
 O Level 27 Axes
 O Level 27 Throwing
 O Level 27 Armour
 O Level 27 Dodging
 O Level 27 Stealth
 O Level 27 Unarmed Combat
 O Level 27 Spellcasting
 O Level 27 Invocations


You had 76 spell levels left.
You didn't know any spells.

Dungeon Overview and Level Annotations

Branches:
Dungeon (1/1)

Altars:
Makhleb


Innate Abilities, Weirdness & Mutations

Your body is rotting away.
You thrive on raw meat.
You are immune to poison.
You have sharp fingernails.
You are carnivorous and can eat meat at any time.
Your flesh is cold resistant. (rC+)
You are immune to negative energy. (rN+++)
You do not regenerate when monsters are visible.
You are immune to unholy pain and torment.
You can survive without breathing.


Message History

You have reached level 23!
You slash the destroyer!
You fatally mangle the destroyer.
You destroy the destroyer!
Makhleb accepts your kill.
You have mastered Spellcasting!
You cannot train any new skill.
You are engulfed in blazing flames.
You hear a shout! x9 4 orcs, an ogre and a vampire knight come into view.
The destroyer is wielding a +9 great sword of slicing.
Unknown command.
Unknown command.
Unknown command. 3 orcs, an ogre and a two-headed ogre come into view.
You hear a shout! x4
The bag of meat is engulfed in blazing flames.
The bag of meat hits you with a +9 war axe!!
The destroyer blinks!
The destroyer hits you with a +9 great sword of slicing!!!!!
Ouch! That really hurt!
You die...

....#....oo..#.......#
oV......#.... #.......#
.....#...O.o###.......##
#ooV.....o.....).###....
#.....o.#o)O§.).._.....
#..O.O#o§)..)%#.....#.
###.o.o§o%)).#_.<._#
.##..oo#§§§....#o....#
#.....V@.#........_.....
#...O............###....
........V...###.... ..##
.o........%...#.......#
...o..........#..... .#
.....#............. ..
.oV.#.#.#...§.O .oO.
#.#.....OO


You could see 5 destroyers, 3 large bags of meat, 6 meat berserkers and 16 bags
of meat.

Vanquished Creatures
  2 vampire knights (D)
  13 ogres (D)
  A two-headed ogre (D)
  8 orcs (D)
24 creatures vanquished.

Notes
Turn   | Place    | Note
-------+----------+-------------------------------------------
     0 | D        | Jannitor the Ghoul Monk began the quest for the Orb.
     0 | D        | Reached XP level 1. HP: 19/19 MP: 0/0
     2 | D        | Noticed a bag of meat
     3 | D        | Noticed a bag of meat
     3 | D        | Noticed a bag of meat
     4 | D        | Noticed a bag of meat
     5 | D        | Became a worshipper of Makhleb the Destroyer
     5 | D        | Reached * piety under Makhleb
     5 | D        | Reached ** piety under Makhleb
     8 | D        | Noticed a bag of meat
    10 | D        | Noticed a meat berserker
    11 | D        | Noticed a bag of meat
    11 | D        | Noticed a meat berserker
    11 | D        | Noticed a meat berserker
    11 | D        | Killed a bag of meat
    11 | D        | Reached skill level 15 in Fighting
    11 | D        | Reached XP level 2. HP: 49/49 MP: 1/1
    11 | D        | Reached XP level 3. HP: 56/56 MP: 2/2
    11 | D        | Reached XP level 4. HP: 63/63 MP: 3/3
    11 | D        | Reached XP level 5. HP: 70/70 MP: 4/4
    11 | D        | Reached XP level 6. HP: 78/78 MP: 5/5
    11 | D        | Reached XP level 7. HP: 84/84 MP: 6/6
    11 | D        | Reached XP level 8. HP: 93/93 MP: 7/7
    11 | D        | Reached XP level 9. HP: 100/100 MP: 8/8
    11 | D        | Reached XP level 10. HP: 107/107 MP: 9/9
    11 | D        | Reached XP level 11. HP: 114/114 MP: 10/10
    11 | D        | Reached XP level 12. HP: 122/122 MP: 11/11
    11 | D        | Noticed a bag of meat
    12 | D        | Noticed a bag of meat
    12 | D        | Noticed a bag of meat
    12 | D        | Noticed a meat berserker
    12 | D        | Noticed a meat berserker
    12 | D        | Killed a meat berserker
    12 | D        | Reached XP level 13. HP: 63/139 MP: 12/12
    12 | D        | Reached XP level 14. HP: 67/147 MP: 13/13
    12 | D        | Killed a bag of meat
    12 | D        | Killed a bag of meat
    12 | D        | Reached *** piety under Makhleb
    12 | D        | Reached XP level 15. HP: 160/160 MP: 14/14
    13 | D        | Noticed a meat berserker
    14 | D        | Noticed a destroyer
    14 | D        | Killed a meat berserker
    14 | D        | Reached XP level 16. HP: 176/176 MP: 15/15
    14 | D        | Killed a meat berserker
    14 | D        | Reached **** piety under Makhleb
    14 | D        | Reached skill level 27 in Stealth
    14 | D        | Reached XP level 17. HP: 188/188 MP: 16/16
    15 | D        | Killed a meat berserker
    15 | D        | Reached skill level 27 in Fighting
    15 | D        | Killed a destroyer
    15 | D        | Reached skill level 27 in Axes
    15 | D        | Reached skill level 27 in Dodging
    15 | D        | Reached skill level 5 in Throwing
    15 | D        | Reached skill level 5 in Armour
    15 | D        | Reached XP level 18. HP: 200/200 MP: 16/24
    16 | D        | Noticed a meat berserker
    16 | D        | Killed a meat berserker
    16 | D        | Reached ***** piety under Makhleb
    16 | D        | Reached skill level 10 in Spellcasting
    16 | D        | Reached XP level 19. HP: 207/207 MP: 16/32
    17 | D        | Noticed a meat berserker
    17 | D        | Noticed a meat berserker
    17 | D        | Noticed a meat berserker
    18 | D        | Noticed a meat berserker
    18 | D        | Killed a meat berserker
    20 | D        | Noticed a meat berserker
    20 | D        | Noticed a large bag of meat
    20 | D        | Killed a meat berserker
    20 | D        | Reached skill level 15 in Spellcasting
    20 | D        | Reached XP level 20. HP: 216/216 MP: 16/38
    20 | D        | Killed a meat berserker
    22 | D        | Noticed a destroyer
    22 | D        | Reached XP level 21. HP: 224/224 MP: 17/42
    23 | D        | Noticed a meat berserker
    23 | D        | Noticed a large bag of meat
    24 | D        | Killed a meat berserker
    24 | D        | Killed a meat berserker
    24 | D        | Reached ****** piety under Makhleb
    24 | D        | Killed a meat berserker
    24 | D        | Reached XP level 22. HP: 233/233 MP: 17/46
    25 | D        | Noticed a large bag of meat
    25 | D        | Noticed a destroyer
    26 | D        | Noticed a destroyer
    26 | D        | Noticed a destroyer
    26 | D        | Noticed a destroyer
    27 | D        | Reached skill level 27 in Unarmed Combat
    27 | D        | Reached skill level 27 in Invocations
    27 | D        | Killed a large bag of meat
    27 | D        | Reached skill level 27 in Throwing
    27 | D        | Reached skill level 27 in Armour
    27 | D        | Reached XP level 23. HP: 240/240 MP: 18/52
    27 | D        | Killed a destroyer
    27 | D        | Reached skill level 27 in Spellcasting
    28 | D        | Noticed a destroyer
    28 | D        | Noticed a large bag of meat
    28 | D        | Slain by a destroyer

Skill      XL: |  1  2  3  4  5  6  7  8  9 10 11 12 13 14 15 16 17 18 19 20 21 22 23 |
---------------+----------------------------------------------------------------------+-----
Fighting       | 15 19 21 24 26 27 | 27.0
Axes           | 13 17 19 21 22 27 | 27.0
Dodging        | 13 17 19 21 22 27 | 27.0
Stealth        | 17 21 23 26 27 | 27.0
Throwing       | 5 11 16 19 23 27 | 27.0
Armour         | 5 11 16 19 23 27 | 27.0
Unarmed Combat | 6 13 18 22 26 27 | 27.0
Spellcasting   | 4 10 15 18 21 26 27 | 27.0
Invocations    | 6 13 18 22 26 27 | 27.0

Action                   |  1- 3 |  4- 6 |  7- 9 | 10-12 | 13-15 | 16-18 | 19-21 | 22-24 || total
-------------------------+-------+-------+-------+-------+-------+-------+-------+-------++-------
Melee: Executioner's axe |     1 |       |       |     1 |     2 |     2 |     4 |     1 ||    11
Dodge: Dodged            |       |       |       |       |       |       |     1 |     1 ||     2
